 Dungeon Crawl Stone Soup version 0.30.0-5-g1a98f26d00 (webtiles) character file.

Game seed: 7902868715518488993

179 GigaChad the Covered (level 5, -2/47 HPs)
             Began as a Minotaur Fighter on May 9, 2023.
             Slain by Grinder (6 damage)
             ... on level 4 of the Dungeon.
             The game lasted 00:02:49 (2140 turns).

GigaChad the Covered (Minotaur Fighter)             Turns: 2140, Time: 00:02:50

Health: -2/47      AC: 11    Str: 22    XL:     5   Next: 32%
Magic:  4/4        EV:  8    Int:  5    God:
Gold:   185        SH:  4    Dex: 10    Spells: 4/4 levels left

rFire   . . .        a - +1 war axe
rCold   . . .        c - +0 buckler
rNeg    . . .        g - +0 chain mail
rPois   .            (helmet restricted)
rElec   .            l - +0 cloak
rCorr   .            (no gloves)
SInv    .            (no boots)
Will    .....        (no amulet) Stlth
                     (no ring)
HPRegen 0.27/turn    (no ring)
MPRegen 0.09/turn

%: no passive effects
@: no status effects
A: horns 2, retaliatory headbutt
a: no special abilities


You were on level 4 of the Dungeon.
You visited 1 branch of the dungeon, and saw 4 of its levels.

You collected 185 gold pieces.

Inventory:

Hand Weapons
 a - a +1 war axe (weapon)
Armour
 b - a +0 scale mail
 c - a +0 buckler (worn)
 g - a +0 chain mail (worn)
 l - a +0 cloak (worn)
Wands
 k - a wand of iceblast (15)
Scrolls
 f - a scroll of vulnerability
 i - 4 scrolls of identify
 j - a scroll of teleportation
Potions
 d - 2 potions of might
 e - 4 potions of curing {unknown}
 h - a potion of brilliance {unknown}


   Skills:
 * Level 4.6 Fighting
 * Level 4.3 Axes
 * Level 4.9 Armour
 * Level 4.5 Shields


You had 4 spell levels left.
You didn't know any spells.
Your spell library contained the following spells:

 Spells                   Type           Power      Damage    Failure   Level
 Scorch                   Fire           0%         2d5       99%         2
 Flame Wave               Conj/Fire      0%         2d4       100%        4
 Summon Cactus Giant      Summ           0%         N/A       100%        6


Dungeon Overview and Level Annotations

Branches:
Dungeon (4/15)             Temple (0/1) D:4

Altars:

Shops:
D:4 ?

Annotations:
D:4 Grinder


Innate Abilities, Weirdness & Mutations

You have a pair of horns on your head.
You reflexively headbutt those who attack you in melee.


Message History

You suddenly lose the ability to move!
Grinder gestures at you. Pain shoots through your body!
Grinder hits you but does no damage. Grinder hits you.
You can move again.
You barely miss Grinder.
Grinder is moderately wounded.
Grinder hits you.
You writhe in agony.
Unknown command.
You closely miss Grinder.
Grinder is moderately wounded.
Grinder barely misses you.
Unknown command.
You closely miss Grinder. Your headbutt misses Grinder.
Grinder is moderately wounded.
Grinder barely misses you.
Unknown command.
You barely miss Grinder. Your headbutt misses Grinder.
Grinder is moderately wounded.
Grinder hits you but does no damage. Grinder hits you!
You writhe in agony.
Unknown command.
You closely miss Grinder. You headbutt Grinder.
Grinder is moderately wounded.
Grinder hits you!
* * * LOW HITPOINT WARNING * * *
You writhe in agony.
* * * LOW HITPOINT WARNING * * *
Unknown command.
You hit Grinder.
Grinder is heavily wounded.
Grinder hits you.
* * * LOW HITPOINT WARNING * * *
You writhe in agony.
* * * LOW HITPOINT WARNING * * *
Unknown command.
You barely miss Grinder. Your headbutt misses Grinder.
Grinder is heavily wounded.
Grinder hits you.
You die...

#########.##.###.###
#.....# #.##.# #..#
#.....###.##.###..##
#.....+.............
#.....###.....##..##
#...(.# #.....##..#
#.....# #.....##..#
#.....# #..........
#..@..###..#.###..##
+..5................
#.................##
#.....###..#.##.#.
#.....# #..#....#
####### #...§....
#.......< #....§...
#......


You could see Grinder.

Vanquished Creatures
  An iguana (D:4)
  Terence (D:3)
  Robin (D:3)
  3 adders (D:2)
  2 worms
  2 dart slugs
  4 orcs
  5 endoplasms
  3 giant cockroaches
  13 goblins
  9 hobgoblins
  4 jackals (D:2)
  5 quokkas
  3 ball pythons
  3 bats
  3 frilled lizards
  5 kobolds
  5 rats
72 creatures vanquished.

Notes
Turn   | Place    | Note
-------+----------+-------------------------------------------
     0 | D:1      | GigaChad the Minotaur Fighter began the quest for the Orb.
     0 | D:1      | Reached XP level 1. HP: 19/19 MP: 0/0
   148 | D:1      | Reached XP level 2. HP: 27/27 MP: 1/1
   654 | D:2      | Reached XP level 3. HP: 27/33 MP: 2/2
   923 | D:2      | Identified the +2 robe "Utwaomue" {rF++ rC- Will+}
  1075 | D:3      | Noticed Terence
  1078 | D:3      | Reached XP level 4. HP: 41/41 MP: 3/3
  1084 | D:3      | Killed Terence
  1132 | D:3      | Noticed Robin
  1137 | D:3      | Killed Robin
  1460 | D:3      | Reached XP level 5. HP: 47/47 MP: 4/4
  1472 | D:3      | Found a faded altar of an unknown god.
  2057 | D:4      | Found Qicysas's Magic Scroll Boutique.
  2118 | D:4      | Found a staircase to the Ecumenical Temple.
  2120 | D:4      | Noticed Grinder
  2130 | D:4      | Paralysed by Grinder for 4 turns
  2140 | D:4      | Slain by Grinder

Illustrated notes

Levels and vault maps discovered:
D:1:      onia_arrival_pentagram, layout_rooms
D:2:      layout_rooms
D:3:      layout_rooms, shapermc_ecumenical_altar_ellora, gup_sewer_entry_pipe,
          interstate_on_off, uniq_terence, uniq_robin
D:4:      layout_basic, minmay_temple_entry_purple_smoke, serial_shops, shop,
          serial_bayou_pond_e, uniq_grinder

Skill      XL: |  1  2  3  4 |
---------------+-------------+-----
Fighting       | 4 |  4.6
Shields        | 4 |  4.5
Armour         | 4 |  4.9
Axes           | 3 4 |  4.3

Action                     |  1- 3 |  4- 6 || total
---------------------------+-------+-------++-------
  Melee: War axe           |    77 |    77 ||   154
         Headbutt          |    14 |     9 ||    23
    Use: Scroll            |     3 |       ||     3
 Armour: Scale mail        |    25 |       ||    25
         Chain mail        |     7 |    40 ||    47
  Dodge: Dodged            |    28 |    28 ||    56
  Block: Buckler           |    19 |    10 ||    29
